[Event "41st OBSenEM 2025"]
[Site "Berlin"]
[Date "2025.02.11"]
[Round "7.1"]
[White "Niehaus, Frank"]
[Black "Federau, Juergen"]
[Result "1-0"]
[Annotator "TA"]
[ECO "B93"]
[WhiteElo "2109"]
[BlackElo "2124"]
[PlyCount "99"]
[EventDate "2025.02.04"]
[EventType "swiss"]
[EventCountry "GER"]
[SourceTitle "playchess.com"]
[Source "ChessBase"]
[SourceQuality "1"]
[TimeControl "40/5400+30:1800+30"]

1. e4 c5 2. Nf3 d6 3. d4 cxd4 4. Nxd4 Nf6 5. Nc3 a6 6. f4 e5 7. Nf3 Nbd7 8. a4 Qc7 9. Bd3 Be7 10. O-O exf4 11. Kh1 Ne5 12. Bxf4 O-O 13. Qe1 Re8 {[%emt 0:00:54] B93: Sicilian Najdorf: 6 f4.} 14. Be3 $146 (14. Bg5 Be6 15. Nd4 Nfg4 16. Bxe7 Qxe7 17. Nf5 Qg5 18. Qg3 Bxf5 19. Rxf5 Qh6 20. Nd5 {1-0 Rodin,D (2376)-Sobina,P (2128) Voronezh Region-ch 2018 (1)}) 14... Nc4 (14... Be6 $11) 15. Bxc4 ({White should try} 15. Bd4 $1 $14 Nxb2 16. Nh4 Nxd3 17. cxd3) 15... Qxc4 $11 {[%emt 0:00:11] The position is equal.} 16. Rd1 Be6 (16... Nxe4 $2 17. Rd4 $18) 17. b3 Qc7 18. Bd4 Rac8 19. Rc1 Qc6 (19... d5 $5) 20. e5 (20. Ng5 $11) 20... dxe5 21. Nxe5 Qc7 22. Qg3 Red8 23. Ne2 Ne8 (23... b5 $15 24. axb5 axb5) 24. Nf3 (24. Ba1 $11) 24... Qxg3 $15 25. Nxg3 Bd5 ({Better is} 25... b5 $15) 26. Bb6 $11 {[%emt 0:03:03] [#]} Rd6 27. Nf5 Re6 (27... Rxb6 $2 28. Nxe7+ Kf8 29. Nxc8 $18) 28. N3d4 {[%emt 0:01:06] Excellent horsemanship.} Re5 29. Rce1 Rxe1 (29... Be4 $1 $11 {keeps the balance.}) 30. Rxe1 $16 Bf8 31. c4 $36 {[%emt 0:00:31][%mdl 2048] White has a queen side majority White is on the roll.} Be6 32. Nxe6 fxe6 33. Rxe6 Kf7 34. Re1 {[%emt 0:00:27] White is much more active.} Rc6 35. Bd4 Bb4 36. Rf1 Nf6 37. Ne3 Bc5 {[%emt 0:00:56] [#]} 38. Bxc5 Rxc5 {[%emt 0:00:05][%mdl 4096] Endgame KRN-KRN. White is a pawn up.} 39. Nd5 b5 (39... Ke6 $16 {might work better.}) 40. Nxf6 $18 gxf6 41. cxb5 axb5 {[%emt 0:30:06] KR-KR. White is a pawn up.} 42. a5 b4 $2 (42... Ke6 {is tougher.} 43. h3 b4) 43. Ra1 {[%emt 0:00:00] White is clearly winning.} Rc7 44. a6 {[%emt 0:00:00] and a7 would now be decisive} Ra7 45. Kg1 Ke6 46. Kf2 Kd5 47. Ke3 Kc5 48. Ke4 Kb6 49. Kf5 h5 50. Kxf6 {[%emt 0:00:00] Weighted Error Value: White=0.14 (very precise) /Black=0.41  Mistake:       	White=3     	Black=6      Inaccurate:     	White=3     	Black=1      OK:         	White=14    	Black=10     Best:        	White=4     	---} 1-0

[Event "41st OBSenEM 2025"]
[Site "Berlin"]
[Date "2025.02.11"]
[Round "7.3"]
[White "Postler, Reinhard"]
[Black "Jurkatis, Hagen"]
[Result "1-0"]
[Annotator "TA"]
[ECO "C41"]
[WhiteElo "2189"]
[BlackElo "1952"]
[PlyCount "89"]
[EventDate "2025.02.04"]
[EventType "swiss"]
[EventCountry "GER"]
[SourceTitle "playchess.com"]
[Source "ChessBase"]
[SourceQuality "1"]
[TimeControl "40/5400+30:1800+30"]

1. e4 d6 2. d4 Nf6 3. Nc3 e5 4. Nf3 Nbd7 5. Be2 Be7 6. O-O O-O 7. Re1 c6 8. a4 Re8 {C41: Philidor Defence.} 9. a5 Qc7 10. Bf1 Nf8 {The position is equal.} 11. d5 $146 (11. h3 Ng6 12. g3 h6 13. d5 Bd7 14. a6 b6 15. dxc6 Bxc6 16. Nd5 Nxd5 17. exd5 {½-½ Abella Vazquez,C (2120)-Martin Duque,J (2354) Guimaraes 2nd 2018 (5)}) 11... Ng6 12. Nd2 Bg4 13. f3 Bd7 14. Nc4 Nh5 (14... h6 $11) 15. Be3 Rf8 16. Bf2 Nhf4 17. Ne3 Rfe8 18. a6 {[%emt 0:00:30] White plays on the queen side and is better} Bf8 19. axb7 Qxb7 20. Ra2 Be7 21. dxc6 Bxc6 22. Nf5 (22. Nc4 $18) 22... Red8 (22... d5 $16) 23. g3 $18 Ne6 24. Bc4 {[%emt 0:00:30] White is much more active.} Nc5 (24... Nc7 $16) 25. Bd5 Rd7 {[#]} (25... a5 $142 26. Bxc6 Qxc6) 26. b4 $1 Bxd5 (26... Ne6 27. b5) 27. Nxd5 Ne6 28. c3 Qc6 29. Qa1 Nc7 30. Nfe3 (30. Rxa7 $6 Rxa7 31. Qxa7 Nxd5 32. exd5 Qc8 $18) (30. b5 $142 Qxb5 31. Rb1 (31. Bxa7 $2 Nxd5 32. Bf2 Rxa2 $19)) 30... Bd8 31. Nxc7 (31. Rxa7 Rxa7 32. Qxa7 Na6 $11) 31... Qxc7 32. Nd5 {[%emt 0:00:30] Dodges Ne7} Qb7 (32... Qc8 $16 33. b5 (33. Bxa7 Qc4 $16) (33. Rxa7 $2 Rdxa7 34. Bxa7 Qb7 $19) 33... Rb8) 33. Rd1 Ne7 34. Nxe7+ Bxe7 35. Ra4 ({White should play} 35. Rd5 $18) 35... Bd8 (35... Rc7 $16) 36. c4 h6 (36... f5 $16 37. Qb1 (37. exf5 Qxf3 38. c5 Qxf5 $16) 37... a5) 37. Kg2 Qc6 $2 (37... Bb6 {keeps fighting.} 38. c5 dxc5) 38. Qa2 {[%emt 0:00:30][%cal Oa4a6] Hoping for Ra6!.} (38. Bxa7 Qxc4 39. Bf2 Rb8 $11) (38. Rxa7 $2 {loses.} Rdxa7 39. Bxa7 Bc7 $19 (39... Qxc4 $2 40. Rxd6 Qe2+ 41. Kh3 $19)) 38... Be7 $2 (38... a5 39. b5 (39. bxa5 Ra6 $18) 39... Qb7) 39. b5 ({And not} 39. Rxa7 Rdxa7 40. Bxa7 Qb7 $17) 39... Qb7 {[#]} 40. b6 $1 {[%emt 0:00:30][%mdl 512] White is clearly winning.} a6 41. Ra1 f5 (41... Rdd8 $142 42. Rxa6 Rxa6 43. Qxa6 Qxa6 44. Rxa6 Rb8) 42. Rxa6 Rad8 43. Ra7 Qc8 44. Rxd7 Rxd7 45. c5+ {[%emt 0:00:30] Weighted Error Value: White=0.22 (precise) /Black=0.64  Mistake:       	White=3     	Black=10     Inaccurate:     	White=1     	Black=3      OK:         	White=15    	Black=9      Best:        	White=2     	---} 1-0

[Event "41st OBSenEM 2025"]
[Site "Berlin"]
[Date "2025.02.11"]
[Round "7.4"]
[White "Ahlberg, Matthias"]
[Black "Hildebrand, Gerald"]
[Result "1-0"]
[Annotator "NA RC"]
[ECO "B95"]
[WhiteElo "2067"]
[BlackElo "2016"]
[PlyCount "27"]
[EventDate "2025.02.04"]
[EventType "swiss"]
[EventCountry "GER"]
[SourceTitle "playchess.com"]
[Source "ChessBase"]
[SourceQuality "1"]
[TimeControl "40/5400+30:1800+30"]

1. e4 c5 2. Nf3 d6 3. Nc3 Nf6 4. d4 cxd4 5. Nxd4 a6 6. Bg5 e6 7. Be2 Be7 8. Qd2 b5 9. Bf3 Bb7 10. Rd1 Qc7 11. Bxf6 Bxf6 12. Ndxb5 axb5 13. Nxb5 Qb6 14. Nxd6+ 1-0

[Event "41st OBSenEM 2025"]
[Site "Berlin"]
[Date "2025.02.12"]
[Round "8.1"]
[White "Niehaus, Frank"]
[Black "Heinig, Wolfram"]
[Result "1-0"]
[Annotator "TA"]
[ECO "B48"]
[WhiteElo "2109"]
[BlackElo "2196"]
[PlyCount "51"]
[EventDate "2025.02.04"]
[EventType "swiss"]
[EventCountry "GER"]
[SourceTitle "playchess.com"]
[Source "ChessBase"]
[SourceQuality "1"]
[TimeControl "40/5400+30:1800+30"]

1. e4 c5 2. Nf3 e6 3. d4 cxd4 4. Nxd4 a6 5. Nc3 Qc7 6. Bd3 Nf6 7. O-O Nc6 8. Be3 Ne5 9. f4 {[%emt 0:01:50] B48: Sicilian: Taimanov: 5 Nc3 Qc7 6 Be3 a6 without Be2.} Nfg4 10. Bd2 Bc5 11. Nce2 {[%emt 0:03:47] The position is equal.} Nxd3 $146 (11... Nc6 $5 12. c3 d6 $11) (11... Qb6 12. fxe5 Bxd4+ 13. Nxd4 Qxd4+ 14. Kh1 Nf2+ 15. Rxf2 Qxf2 16. Bb4 h5 17. Bc4 Qb6 {1-0 Butkiewicz,L (2397)-Ponizil,C (2377) CZE-chT1E 1213 2012 (4.1)}) 12. cxd3 {[%emt 0:00:05] A sharp opening} e5 13. fxe5 Qxe5 14. Bf4 Bxd4+ (14... Qf6 $11 {remains equal.} 15. Kh1 O-O) 15. Kh1 $16 Qf6 {[%emt 0:16:00] Hoping for ...Nf2+.} 16. Nxd4 Qxd4 17. Qxg4 {[%emt 0:00:06] Strongly threatening Qg3.} O-O {[%emt 0:00:19][%cal Of7f6] Black is weak on the dark squares} 18. Qg3 {[%emt 0:00:09] White is more active.} Re8 {[%emt 0:01:39] Against Be5} (18... d6 $142) 19. e5 (19. Bd6 $16 Re6 20. e5) 19... d5 20. exd6 Bf5 21. Rfe1 $40 {[%emt 0:19:57][%mdl 128] White is up to no good.} Qxd3 $2 (21... f6 $14) 22. Qxd3 Bxd3 23. Rxe8+ $1 Rxe8 {[%emt 0:00:03] [#]} 24. d7 $1 {[%emt 0:00:18] White is clearly winning.} Rd8 25. Re1 {[%emt 0:00:06] White wants to mate with Re8+.} Bb5 {[%emt 0:01:40] [#]} 26. Bc7 $1 {[%emt 0:00:18] Weighted Error Value: White=0.24 (precise) /Black=0.52  Loses game:     	---       	Black=2      Mistake:       	White=1     	Black=2      OK:         	White=6     	Black=3      Best:        	White=4     	Black=1      Strong:       	White=3     	---} ({Weaker is} 26. Bg5 f6 (26... Rxd7 27. Re8#) 27. Bd2 Bxd7 $17 (27... Rxd7 28. Bb4 $17)) 1-0

[Event "41st OBSenEM 2025"]
[Site "Berlin"]
[Date "2025.02.12"]
[Round "8.2"]
[White "Meister, Jakob"]
[Black "Postler, Reinhard"]
[Result "1-0"]
[Annotator "TA"]
[ECO "D35"]
[WhiteElo "2418"]
[BlackElo "2189"]
[PlyCount "67"]
[EventDate "2025.02.04"]
[EventType "swiss"]
[EventCountry "GER"]
[SourceTitle "playchess.com"]
[Source "ChessBase"]
[SourceQuality "1"]
[TimeControl "40/5400+30:1800+30"]

1. d4 d5 2. c4 e6 3. Nc3 Nf6 4. cxd5 exd5 5. Bg5 Be7 6. e3 c6 7. Bd3 Nbd7 8. Nge2 h6 9. Bf4 {[%emt 0:00:19] D35: Queen's Gambit Declined: Exchange Variation.} Nb6 10. Qc2 Bd6 11. h3 {[%emt 0:00:23] White is slightly better.} Bxf4 12. Nxf4 Qd6 13. O-O-O Bd7 14. Kb1 g5 $146 (14... O-O-O 15. Rc1 Kb8 16. Na4 Nxa4 17. Qxa4 Rc8 18. Rc3 Rc7 19. Ne2 Rhc8 20. Qa3 Qxa3 21. Rxa3 Ne8 22. g4 Nd6 23. Ng3 Rf8 24. Rc3 {½-½ Mekhitarian,K (2559)-Molina,R (2381) BRA-ch 89th Recife 2023 (6)}) 15. Nfe2 Qe7 16. Nc1 O-O-O 17. Nb3 Kb8 18. Rhe1 Rhe8 19. f3 Bc8 20. e4 Be6 21. Bf1 Nh5 22. Nc5 Qc7 23. e5 Nd7 24. Nxe6 Rxe6 25. Bd3 Ng7 26. g3 f6 27. f4 fxe5 28. fxe5 {[%emt 0:01:51] NOTEXT-51077 White (e5)} Nb6 29. Rf1 a6 30. Ne2 Qe7 (30... Rc8 $14) 31. g4 $16 Qe8 (31... Qc7 $16 32. Qc1 Nc8) 32. Ng3 {[%emt 0:00:42] White is clearly better.} Re7 (32... c5 {was necessary.}) 33. Nf5 $18 Rc7 34. Nd6 {[%emt 0:03:19] Weighted Error Value: White=0.06 (flawless) /Black=0.14 (very precise)   Mistake:       	---       	Black=3      Inaccurate:     	---       	Black=2      OK:         	White=13    	Black=10} 1-0

[Event "41st OBSenEM 2025"]
[Site "Berlin"]
[Date "2025.02.12"]
[Round "8.3"]
[White "Federau, Juergen"]
[Black "Ahlberg, Matthias"]
[Result "1-0"]
[Annotator "TA"]
[ECO "D19"]
[WhiteElo "2124"]
[BlackElo "2067"]
[PlyCount "141"]
[EventDate "2025.02.04"]
[EventType "swiss"]
[EventCountry "GER"]
[SourceTitle "playchess.com"]
[Source "ChessBase"]
[SourceQuality "1"]
[TimeControl "40/5400+30:1800+30"]

1. d4 c6 2. c4 d5 3. Nf3 Nf6 4. Nc3 dxc4 5. a4 Bf5 6. e3 e6 7. Bxc4 Bb4 8. O-O Nbd7 9. Qe2 O-O 10. Ne5 Nxe5 11. dxe5 Bxc3 {[%emt 0:01:23] D19: Slav Defence: 5 a4 Bf5 6 e3: Main line with 9 Qe2.} (11... Ne4 $11 {remains equal.}) 12. bxc3 $16 Nd7 13. e4 Bg6 {[%emt 0:01:51] White is clearly better.} 14. f4 {[%emt 0:00:27] White is more active.} h6 $146 (14... Qa5 15. Ba3 Rfe8 16. Bd6 Qxc3 17. Rae1 Nb6 18. Ba2 Qd4+ 19. Kh1 Qxa4 20. Bb1 Rad8 {½-½ Zuchowski Filho,E-Faini,M BRA TBI-C-IX-X-S-013 corr 1993 (1)}) 15. f5 exf5 (15... Bh7) 16. exf5 $18 Bh7 17. e6 fxe6 18. Bxe6+ {[%emt 0:01:34] This pair of bishops is nice.} Kh8 19. Rd1 $1 Qe8 20. Rxd7 Bxf5 {[%emt 0:01:32] [#]} 21. Bxh6 $1 Qxe6 {[%emt 0:03:10] Black is weak on the dark squares} 22. Bxg7+ {[%emt 0:01:35] White attacks} Kg8 23. Qxe6+ Bxe6 24. Rxb7 Rf7 25. Rxf7 Kxf7 {[%emt 0:00:16][%mdl 4096] Endgame KRB-KRB. White is two pawns up.} 26. Bd4 a5 27. Rb1 Bd5 28. Rb7+ Ke6 29. Ra7 Rb8 30. c4 (30. Rxa5 Rb1+ 31. Kf2 Rb2+ 32. Kg3 Rxg2+ 33. Kh3 Rd2 $16) (30. h3 $142) 30... Bxc4 $16 31. Rxa5 Rb4 {[%emt 0:04:14] [#]} ({Better is} 31... Bd5 $14) 32. Re5+ $1 $18 Kf7 33. a5 Bd5 34. Bc3 Rb3 (34... Rc4) 35. Re3 Ra3 36. h4 Kg6 37. Kf2 Ra2+ 38. Re2 Ra4 39. g3 Ra3 40. Re3 Ra2+ 41. Ke1 Rc2 (41... Rg2 42. Kd1 Kf5) 42. Bd2 Kh5 $2 (42... Ra2 43. g4 Kf7) 43. Ra3 Kg4 44. a6 c5 45. a7 Ba8 46. Kd1 Rb2 47. Kc1 Rb7 48. Bf4 Kf5 49. Kc2 Ke4 50. Bb8 Kd4 51. Rd3+ Kc4 52. Re3 Rf7 53. Rc3+ Kd4 (53... Kb4 $142) 54. Rd3+ Kc4 55. Rd2 Be4+ 56. Kb2 Rb7+ 57. Ka1 Rf7 58. Ra2 $4 (58. Re2 $18 Ba8 59. h5) 58... Kb3 $4 (58... Rf1+ {mates} 59. Kb2 Rb1+ 60. Ka3 Rb3+ 61. Ka4 Bc6+ 62. Ka5 Rb5+ 63. Ka4 Rxb8+ (63... Rb2+ $2 64. Ka5 $19) 64. Ka5 Rb5+ 65. Ka4 Rb2+ (65... Rb7+ $2 66. Ka5 $19) 66. Ka5 Rxa2+ 67. Kb6 Kd5 68. g4 Kd6 69. g5 Rb2+ 70. Ka5 Kc7 71. a8=N+ Kb7 (71... Bxa8 72. Ka4 Bd5 73. h5 Kc6 74. h6 Ra2#) 72. Nb6 Ra2+ 73. Na4 Rxa4#) 59. Bf4 (59. a8=B $2 Rf1#) 59... Rd7 (59... Ba8 {was necessary.} 60. Rb2+ Kc3 61. Be5+ Kd3) 60. Rb2+ (60. a8=R $2 {is a self mate.} Rd1+) 60... Ka3 $2 (60... Kc3 61. Be5+ Kc4) 61. Rd2 {[%emt 0:00:59] White is clearly winning.} Re7 62. Bd6 Rf7 63. Bxc5+ Kb3 {[%emt 0:00:10] ( -> ...Rf1+)} 64. Rb2+ Kc3 65. Bf2 Rd7 {[%emt 0:00:27] ( -> ...Rd1+)} 66. Be1+ Kc4 67. Rb4+ Kd3 68. Bf2 {[%emt 0:00:34][%cal Ob4e4] Hoping for Rxe4!.} Bc6 {[%emt 0:04:19] [#]} 69. Rd4+ $1 Rxd4 70. Bxd4 Kxd4 71. h5 {[%emt 0:00:08] Weighted Error Value: White=0.19 (very precise) /Black=0.32  Missed win:     	White=1     	Black=1      Mistake:       	White=2     	Black=7      Inaccurate:     	White=1     	---        OK:         	White=28    	Black=15     Best:        	White=4     	Black=6      Strong:       	White=2     	---} (71. g4 $142 Ke5 72. Kb2) 1-0

[Event "41st OBSenEM 2025"]
[Site "Berlin"]
[Date "2025.02.13"]
[Round "9.1"]
[White "Meister, Jakob"]
[Black "Niehaus, Frank"]
[Result "1-0"]
[Annotator "TA"]
[ECO "B07"]
[WhiteElo "2418"]
[BlackElo "2109"]
[PlyCount "123"]
[EventDate "2025.02.04"]
[EventType "swiss"]
[EventCountry "GER"]
[SourceTitle "playchess.com"]
[Source "ChessBase"]
[SourceQuality "1"]
[TimeControl "40/5400+30:1800+30"]

1. d4 Nf6 2. Nc3 g6 3. e4 d6 4. Be3 c6 5. h3 Nbd7 6. Nf3 {[%emt 0:04:16] B07: Pirc Defence: Miscellaneous Systems.} Qa5 7. Bd3 Bg7 8. O-O {[%emt 0:00:59] White is slightly better.} O-O 9. Nd2 Qc7 (9... e5 $11) 10. a4 (10. f4 $1 $16) 10... e5 $11 11. dxe5 dxe5 12. a5 $146 (12. Bc4 a5 13. Qe2 Nh5 14. Bb3 Nf4 15. Qf3 b6 16. Kh2 Nc5 17. Bxc5 bxc5 18. Ne2 {0-1 Matras,O (2200)-Priehoda,V (2256) Ceske Budejovice op-A 2023 (9)}) 12... Re8 (12... Rd8 $11 {remains equal.}) 13. b4 Nf8 14. b5 a6 ({Black should try} 14... Bd7 $14) 15. bxa6 $1 $16 bxa6 16. Nc4 c5 (16... Ne6 $142) 17. Nb6 Ra7 18. Rb1 {[%emt 0:01:06] White is much more active.} Ne6 19. Ncd5 {[%emt 0:01:09][%csl Ob6] Strong Square White (b6)} Nxd5 20. exd5 {[%emt 0:01:02][%csl Od5] White has a strong passed pawn} (20. Nxd5 Qxa5 21. f3 Qd8 $14) 20... Nd4 21. c3 Nf5 22. Bd2 Nd6 23. Re1 c4 24. Bf1 Bd7 25. Be3 (25. Nxd7 $14 Qxd7 26. Be3) 25... Bb5 $1 $11 26. Qc2 Rb7 27. Rb4 Bf8 28. g4 {[%emt 0:03:15] Prevents Nf5} (28. Rbb1 $11) 28... f5 $15 29. Rbb1 f4 30. Bc1 Rxb6 (30... Nf7 $15) 31. axb6 $11 Qxb6 32. Ba3 $1 $36 {[%emt 0:02:32][%mdl 2048] White has good play.} Qc7 33. Bb4 Qf7 34. Rbd1 Qd7 35. Qd2 Bg7 $2 {[%emt 0:01:26] [#]} (35... Qd8 $11 {and Black has nothing to worry.}) 36. Bg2 ({White has to play} 36. Bxd6 $1 $18 Qxd6 37. Re4) 36... Rd8 (36... Bf8 $14) 37. Qa2 $16 Re8 {[%emt 0:05:30] [#]} 38. Be4 (38. Bxd6 $1 $16 Qxd6 39. Re4) 38... Rd8 39. Qe2 Re8 (39... Bf6 $142) 40. Kg2 Ra8 (40... Bf6 $16) 41. Ra1 (41. Bxd6 $18 Qxd6 42. g5) 41... Rd8 (41... Bf6 $16 42. Qc2 Kg7) 42. Rad1 Ra8 $1 43. Rb1 (43. Bxd6 $142 Qxd6 44. g5) 43... Rd8 (43... Bf6 $142 44. Bxd6 Qxd6) 44. Red1 (44. Bxd6 $142 Qxd6 45. h4) 44... Re8 (44... Bf6 $142) 45. f3 Rd8 46. Bc2 ({Better is} 46. Bxd6 Qxd6 47. g5) 46... Re8 47. Be4 Rd8 $1 48. h4 Re8 49. Rh1 Rd8 50. Rbd1 Qc7 51. h5 g5 52. Bc2 Bf6 53. Bxd6 Qxd6 54. Qe4 Rd7 55. Qf5 Re7 56. Qe4 $2 (56. Rhe1 $18) 56... Rc7 $2 (56... Rd7 $1 $11 57. Rhe1 Kh8) 57. Ra1 $18 Rb7 (57... Rd7 $142 58. Rhd1 Qc5) 58. Rhb1 Bd8 (58... Qd7 $142 59. d6 Kf8 60. Rxb5 Rxb5 61. Rxa6 Rb8 62. Qxc4 (62. Qxh7 Qxh7 63. Bxh7 Bd8 $18) 62... Rb2) 59. Ba4 Bb6 60. Bxb5 Qc5 {[%emt 0:00:11] [#]} 61. Ra2 $1 {[%emt 0:00:00] Threatening mate with d6.} axb5 (61... Ba7 62. Qxe5) 62. Qxe5 {[%emt 0:00:00] Weighted Error Value: White=0.34/Black=0.68  Loses game:     	---       	Black=1      Missed win:     	White=1     	---        Mistake:       	White=9     	Black=14     Inaccurate:     	White=5     	Black=6      OK:         	White=14    	Black=14     Best:        	White=1     	---        Strong:       	White=2     	Black=3} (62. Ra8+ $142 Qf8 63. Rxf8+ Kxf8 64. Rxb5 (64. Qf5+ Kg8 $18) 64... h6 65. d6 (65. Qxe5 Kf7 66. d6 Rb8 67. Qe7+ Kg8 68. d7 Ra8 69. Rxb6 Kh8 70. d8=Q+ Rxd8 71. Qxd8+ Kh7 72. Rb7#) (65. Qf5+ Kg7 66. d6 Rf7 67. Qg6+ Kf8 68. Rxb6 Ke8 69. d7+ Ke7 70. Qd6+ Kd8 71. Rb8#) 65... Rb8 66. Rxe5 (66. Qxe5 Kf7 67. Qf5+ Kg8 68. Qg6+ Kh8 69. Qxh6+ Kg8 70. Rxg5+ Kf7 71. Qh7+ Kf8 72. Qg8#) (66. Qf5+ Kg8 67. Rxe5 Be3 68. Qg6+ Kh8 69. Qxh6+ Kg8 70. Rxg5+ Kf7 71. Qh7+ Kf8 72. Qg8#) 66... Be3 67. Qg6 (67. Qxc4 Rb2+ 68. Kh3 Bb6 69. Rf5+ Kg7 70. Qf7+ Kh8 71. Qf8+ Kh7 72. Rf7#) (67. Qf5+ Kg8 68. Qg6+ Kh8 69. Qxh6+ Kg8 70. Rxg5+ Kf7 71. Qh7+ Kf8 72. Qg8#)) 1-0

[Event "41st OBSenEM 2025"]
[Site "Berlin"]
[Date "2025.02.13"]
[Round "9.3"]
[White "Heinig, Wolfram"]
[Black "Hildebrand, Gerald"]
[Result "1-0"]
[Annotator "RC"]
[ECO "E01"]
[WhiteElo "2196"]
[BlackElo "2016"]
[PlyCount "75"]
[EventDate "2025.02.04"]
[EventType "swiss"]
[EventCountry "GER"]
[SourceTitle "playchess.com"]
[Source "ChessBase"]
[SourceQuality "1"]
[TimeControl "40/5400+30:1800+30"]

1. d4 d5 2. Nf3 Nf6 3. c4 c6 4. Nc3 e6 5. g3 Nbd7 6. Bg2 dxc4 7. O-O Bb4 8. Qc2 h6 9. Rd1 Qa5 10. Bd2 Nd5 11. Ne4 Bxd2 12. Nd6+ Ke7 13. Nxc4 Qc7 14. Qxd2 f6 15. Rac1 Kf7 16. e4 N5b6 17. Ne3 Qd6 18. Qe2 Qe7 19. Nh4 Nf8 20. Nf3 Nh7 21. Qc2 Bd7 22. Qb3 Rad8 23. a4 Bc8 24. a5 Nd7 25. a6 Nb6 26. Nf5 Qd7 27. axb7 Bxb7 28. e5 Nc8 29. exf6 gxf6 30. Nxh6+ Kg7 31. Ng4 Nf8 32. Ne3 Rh5 33. Rc5 Rh8 34. h4 Qe7 35. Rdc1 Nb6 36. Qa3 Nc8 37. d5 exd5 38. Nf5+ 1-0

[Event "41st OBSenEM 2025"]
[Site "Berlin"]
[Date "2025.02.13"]
[Round "9.4"]
[White "Postler, Reinhard"]
[Black "Hilbig, Olaf"]
[Result "1/2-1/2"]
[Annotator "TA"]
[WhiteElo "2189"]
[BlackElo "2015"]
[PlyCount "29"]
[EventDate "2025.02.04"]
[EventType "swiss"]
[EventCountry "GER"]
[SourceTitle "playchess.com"]
[Source "ChessBase"]
[SourceQuality "1"]
[TimeControl "40/5400+30:1800+30"]

1. e4 c5 2. Nf3 d6 3. Bb5+ Bd7 4. Bxd7+ Qxd7 5. O-O g6 6. Re1 {[%emt 0:01:05] B52: Sicilian: Moscow Variation with 3...Bd7.} Nc6 7. c3 Bg7 8. d4 cxd4 {[%emt 0:00:04] Black got outplayed after the opening.   Weighted Error Value: White=0.01 (flawless) /Black=0.15 (very precise)   OK:         	White=1     	---        Best:        	White=1     	---} 9. cxd4 $146 e6 10. Nc3 Nge7 11. Bf4 e5 12. Be3 exd4 13. Nxd4 O-O 14. Nxc6 Nxc6 15. Qd2 {1-0 Bacrot,E (2653)-Royal,S (2456) Titled Tuesday intern op 20th Dec Early blitz 2022 (5)} 1/2-1/2